 Dungeon Crawl Stone Soup version 0.27-a0-637-g3a9f0a9c12 (webtiles) character file.

Game seed: 18301078886546862629

16983 rednaxela the Cruncher (level 12, -10/105 HPs)
             Began as a Naga Monk on Mar 14, 2021.
             Was a Follower of Uskayaw.
             Mangled by a bog body (12 damage)
             ... on level 2 of the Lair of Beasts.
             The game lasted 00:48:19 (17177 turns).

rednaxela the Cruncher (Naga Monk)                 Turns: 17177, Time: 00:48:20

Health: -10/105    AC: 17    Str: 23    XL:     12   Next: 43%
Magic:  0/16       EV:  9    Int: 12    God:    Uskayaw [*.....]
Gold:   166        SH:  0    Dex: 14    Spells: 11/11 levels left

rFire    . . .     SeeInvis +   a - +5 lajatang (speed)
rCold    + . .     Faith    .   (shield currently unavailable)
rNeg     . . .     Spirit   +   z - +3 leather armour {rPois}
rPois    +         Reflect  .   (no helmet)
rElec    .         Harm     .   T - +1 cloak
rCorr    .         Rampage  .   G - +0 pair of gloves
Will     +....                  d - +0 barding
Stlth    ++........             N - amulet of guardian spirit
HPRegen  0.27/turn              x - ring of protection from cold
MPRegen  0.15/turn              l - +6 ring of strength

@: slowed, very slow
A: AC +4, large, see invisible, deformed body, poison resistance, slowness 2,
spit poison 1, naga tail 1
a: Spit Poison, Renounce Religion, Stomp


You were on level 2 of the Lair of Beasts.
You worshipped Uskayaw.
Uskayaw was noncommittal.
You visited 3 branches of the dungeon, and saw 15 of its levels.

You collected 1234 gold pieces.
You spent 1068 gold pieces at shops.

Inventory:

Hand Weapons
 a - a +5 lajatang of speed (weapon)
   (You bought it in a shop on level 4 of the Dungeon)
 b - a +0 hand axe of flaming
   (You bought it in a shop on level 8 of the Dungeon)
Missiles
 F - 72 poisoned darts (quivered)
 S - 25 arrows
Armour
 d - a +0 barding (worn)
   (You found it on level 1 of the Dungeon)
 e - a +0 crystal plate armour
   (You found it on level 3 of the Dungeon)
 z - a +3 leather armour of poison resistance (worn)
   (You took it off Joseph on level 9 of the Dungeon)
 G - a +0 pair of gloves (worn)
   (You found it on level 10 of the Dungeon)
 T - a +1 cloak (worn)
   (You found it on level 2 of the Lair of Beasts)
Magical Staves
 Q - a staff of air
   (You found it on level 1 of the Lair of Beasts)
Jewellery
 f - a ring of magical power
   (You found it on level 1 of the Dungeon)
 l - a +6 ring of strength (left hand)
   (You found it on level 6 of the Dungeon)
 s - a ring of ice
   (You found it on level 4 of the Dungeon)
 x - a ring of protection from cold (right hand)
   (You found it on level 5 of the Dungeon)
 y - a +4 ring of evasion
   (You found it on level 7 of the Dungeon)
 N - an amulet of guardian spirit (around neck)
   (You bought it in a shop on level 4 of the Dungeon)
Wands
 t - a wand of acid (9) {@v1}
   (You took it off Joseph on level 9 of the Dungeon)
 C - a wand of iceblast (11) {@v2}
   (You found it on level 8 of the Dungeon)
 E - a wand of flame (36) {@v4}
   (You found it on level 10 of the Dungeon)
 M - a wand of charming (5)
   (You found it on level 12 of the Dungeon)
Scrolls
 g - a scroll of immolation
 i - 8 scrolls of teleportation {@r3 !r}
 j - 2 scrolls of enchant armour
 m - 3 scrolls of fog {!r}
 v - a scroll of fear {!r}
 H - a scroll of identify {@r1}
 I - 2 scrolls of magic mapping {@r5 !r}
 K - a scroll of enchant weapon
 L - a scroll of vulnerability {unknown}
 O - a scroll of acquirement {unknown}
 R - a scroll of blinking {@r4}
Potions
 c - a potion of lignification {@q5}
 h - 3 potions of flight
 k - a potion of ambrosia {!q}
 n - a potion of invisibility {!q}
 o - a potion of might {@q3 !q}
 p - 5 potions of haste {@q4 !q}
 q - a potion of cancellation {unknown}
 r - 3 potions of curing {@q1 !q}
 w - a potion of resistance {unknown}
 A - 3 potions of brilliance
 B - 2 potions of heal wounds {unknown}
 D - 2 potions of mutation {unknown}
 J - a potion of attraction {unknown}
Miscellaneous
 P - a lightning rod (4/4)
   (You found it on level 1 of the Lair of Beasts)


   Skills:
 + Level 6.0 Fighting
 - Level 10.4(12.9) Polearms
 - Level 12.6(14.0) Staves
 + Level 4.1 Armour
 + Level 5.0 Dodging
 - Level 3.0 Stealth
 + Level 5.5 Invocations
 + Level 5.1 Evocations


You had 11 spell levels left.
You didn't know any spells.
Your spell library contained the following spells:

 Spells                   Type           Power      Damage    Failure   Level
 Animate Skeleton         Necr           0%         N/A       36%         1
 Apportation              Tloc           0%         N/A       36%         1
 Beastly Appendage        Tmut           0%         N/A       36%         1
 Corona                   Hex            0%         N/A       36%         1
 Summon Small Mammal      Summ           0%         N/A       36%         1
 Wereblood                Tmut           0%         N/A       50%         2
 Spider Form              Tmut/Pois      0%         N/A       75%         3
 Ice Form                 Ice/Tmut       0%         N/A       98%         4
 Blade Hands              Tmut           0%         N/A       100%        5


Dungeon Overview and Level Annotations

Branches:
Dungeon (12/15)            Temple (1/1) D:7            Lair (2/6) D:9
  Swamp (0/4) Lair:2          Orc (0/2) D:9
  Snake: Lair:2-4    Spider: Lair:2-4

Altars:
Ashenzari
Cheibriados
Dithmenos
Elyvilon
Fedhas
Gozag
Hepliaklqana
Kikubaaqudgha
Makhleb
Nemelex Xobeh
Okawaru
Qazlal
Ru
Sif Muna
Trog
Uskayaw
Vehumet
Wu Jian
Xom
Yredelemnul
Zin
The Shining One
Beogh

Shops:
D:4 :(=*(   D:8 =(   D:9 *   D:12 (

Annotations:
D:3 1 runed translucent door, foci's ghost, amateur GrFi
Lair:1 3 runed translucent doors, Grognak's ghost, novice HOFi


Innate Abilities, Weirdness & Mutations

Your serpentine skin is tough. (AC +4)
You have supernaturally acute eyesight. (SInv)
Armour fits poorly on your strangely shaped body.
Your system is resistant to poisons. (rPois)
You cover ground very slowly.
You can spit poison.
You have a snake-like lower body.


Message History

There is a stone staircase leading up here.
You climb upwards.
Level annotation: 3 runed translucent doors, Grognak's ghost, novice HOFi
There is a stone staircase leading down here.
You can no longer pass through a line of other dancers.
Magic restored.
HP restored.
S - 25 arrows Could not explore, unopened runed door.
Could not explore, unopened runed door.
There is a stone staircase leading down here.
You climb downwards.
There is a stone staircase leading up here.
A water moccasin comes into view.
A water moccasin is nearby!
You barely miss the water moccasin.
The water moccasin bites you but does no damage.
You miss the water moccasin. The water moccasin barely misses you.
You slice the water moccasin!!
The water moccasin is almost dead.
You slice the water moccasin!!
You kill the water moccasin!
You can now pass through a line of other dancers.
No target in view!
You see here a water moccasin corpse.
You now have enough gold to buy an arbalest on D:12.
You can access your shopping list by pressing '$'.
You now have 128 gold pieces (gained 21).
You can no longer pass through a line of other dancers.
Found a stone staircase leading up.
You now have 140 gold pieces (gained 12).
You now have 147 gold pieces (gained 7).
Found a glowing cloak.
There is a stone staircase leading up here.
Things that are here:
a blink frog skeleton; a blink frog skeleton You see here a +1 cloak.
T - a +1 cloak You start removing your armour.
You continue taking off your +0 cloak. x4
You finish taking off your +0 cloak.
You start putting on your armour.
You continue putting on your +1 cloak. x5
You finish putting on your +1 cloak.
Drop what? 46/52 slots (_ for help) (? for menu, Esc to quit)
You drop a +0 cloak.
A wyvern comes into view.
Found 19 gold pieces.
The wyvern hisses angrily.
You closely miss the wyvern. You hit the wyvern.
The wyvern is lightly wounded.
The wyvern misses you.
You slash the wyvern!
The wyvern is severely wounded.
The wyvern bites you but does no damage.
You can now pass through a line of other dancers.
You slash the wyvern!
You kill the wyvern!
You can no longer pass through a line of other dancers.
You now have 166 gold pieces (gained 19).
A bog body comes into view.
Found a staircase to the Swamp.
A bog body is nearby!
Unknown command.
The bog body points at you and mumbles some strange words.
You feel yourself slow down. The bog body casts a spell at you.
The bolt of cold hits the fungus!!
The fungus begins to die.
The bolt of cold hits you!
The bog body gestures at you while chanting.
The bolt of cold hits you!!
* * * LOW HITPOINT WARNING * * *
The bog body gestures at you while chanting.
You easily resist.
There is a stone staircase leading up here.
The bog body casts a spell at you. The bolt of cold hits you!
* * * LOW HITPOINT WARNING * * *
The bog body casts a spell at you. The bolt of cold hits you!!
* * * LOW HITPOINT WARNING * * *
You slash the bog body!
The bog body is heavily damaged.
The bog body points at you and mumbles some strange words.
The bolt of cold hits you!!
* * * LOW HITPOINT WARNING * * *
You're wearing all the rings you can.
Remove which one? (? for menu, Esc to cancel) > or
y - a +4 ring of evasion; < or
l - a +6 ring of strength You remove your +4 ring of evasion.
x - a ring of protection from cold (right hand)
The bog body touches you. The bog body freezes you! You resist.
* * * LOW HITPOINT WARNING * * *
It was a potion of curing.
You feel better.
The bog body gestures at you while chanting.
The bolt of cold hits you! You resist.
* * * LOW HITPOINT WARNING * * *
The bog body touches you.
* * * LOW HITPOINT WARNING * * *
The bog body freezes you! You resist.
You die...

#.#.. #...# ## ##...##.##
##...÷÷.#.# . #P...#....#
..###....##...## ##### ♣
........#####..####.#.#
.♣ ###.....## #<.÷..#..##
..♣
#####....#####@.......##
♣.
#...#......###n........##
♣.
......#nP...#.#.........#
♣♣P
..#.....###...#........##


PP. ##.....###P..........# ##.n.## ##.#.......[# ♣ #...# #####...#### ♣♣ #...#
#......## ♣♣. .....# #####...###♣♣.♣ You could see a bog body.

Vanquished Creatures
  A hydra (Lair:2)
  3 two-headed ogres
  Pikel (D:4)
  A cyclops (D:12)
  3 ugly things
  Joseph (D:9)
  A cane toad (Lair:2)
  Maggie (Lair:1)
  A rime drake (Lair:2)
  A komodo dragon (Lair:1)
  2 trolls
  A hornet (D:11)
  Grinder (D:4)
  5 blink frogs (Lair:2)
  Prince Ribbit (D:5)
  A vampire (D:12)
  Sigmund (D:5)
  A basilisk (Lair:1)
  4 wraiths
  A wyvern (Lair:2)
  Eustachio (D:6)
  3 yaks (D:12)
  2 soldier ants (D:12)
  Menkaure (D:4)
  3 water moccasins
  Duvessa (D:5)
  3 ice beasts
  5 orc warriors
  2 sky beasts
  4 ogres
  5 wolves (D:9)
  7 centaurs
  2 phantoms
  A kobold brigand (D:7)
  6 bullfrogs
  A wyvern zombie (D:10)
  Dowan (D:5)
  A wyvern skeleton (D:9)
  7 scorpions
  5 wights (D:11)
  7 killer bees (D:10)
  8 howler monkeys
  An electric eel (D:9)
  2 centaur zombies
  3 bullfrog skeletons
  2 bullfrog zombies
  5 jellies
  8 orc priests
  8 hounds
  Crazy Yiuf (D:4)
  3 centaur skeletons
  7 iguanas
  10 orc wizards
  7 worker ants
  A hound skeleton (D:7)
  11 gnolls
  7 adders
  A shadow imp (D:6)
  2 white imps
  2 ufetubi (D:6)
  4 worms
  5 leopard geckos
  57 orcs
  10 bats
  3 giant cockroaches
  7 goblins
  6 hobgoblins
  19 jackals
  15 kobolds
  7 quokkas
  9 frilled lizards
  A leopard gecko skeleton (D:5)
  A quokka zombie (D:6)
  8 rats
341 creatures vanquished.

Vanquished Creatures (collateral kills)
  An orc (D:6)
1 creature vanquished.

Vanquished Creatures (others)
  3 fungi (Lair:2)
  18 plants
21 creatures vanquished.

Grand Total: 363 creatures vanquished

Notes
Turn   | Place    | Note
-------+----------+-------------------------------------------
     0 | D:1      | rednaxela the Naga Monk began the quest for the Orb.
     0 | D:1      | Reached XP level 1. HP: 21/21 MP: 1/1
   217 | D:1      | Reached XP level 2. HP: 20/28 MP: 2/2
   954 | D:2      | Reached skill level 4 in Polearms
  1007 | D:2      | Reached XP level 3. HP: 34/34 MP: 3/3
  1605 | D:2      | Reached XP level 4. HP: 24/42 MP: 4/4
  1736 | D:2      | Reached skill level 5 in Polearms
  2082 | D:3      | Reached XP level 5. HP: 49/49 MP: 5/5
  2292 | D:3      | Found a faded altar of an unknown god.
  2384 | D:3      | Found a runed translucent door.
  2384 | D:3      | Noticed foci's ghost (amateur GrFi)
  2979 | D:4      | Noticed Menkaure
  2987 | D:4      | Noticed Grinder
  3019 | D:4      | Killed Grinder
  3020 | D:4      | Reached skill level 7 in Polearms
  3020 | D:4      | Reached XP level 6. HP: 56/56 MP: 6/6
  3147 | D:4      | Found Eshuja's Weapon Shoppe.
  3180 | D:4      | Found Olulovor's Jewellery Boutique.
  3191 | D:4      | Found Nett's Assorted Antiques.
  3193 | D:4      | Noticed Pikel
  3218 | D:4      | Killed Pikel
  3219 | D:4      | Reached skill level 9 in Polearms
  3219 | D:4      | Reached XP level 7. HP: 56/62 MP: 7/7
  3264 | D:4      | Bought a scroll labelled WAFOSEYSCHU for 27 gold pieces
  3283 | D:4      | Found a runed translucent door.
  3284 | D:4      | Noticed Crazy Yiuf
  3310 | D:4      | Found a burning altar of Makhleb.
  3321 | D:4      | Found an opulent altar of Gozag.
  3345 | D:4      | Reached XP level 8. HP: 66/69 MP: 8/8
  3771 | D:4      | Found Nievyss's Book Shop.
  3779 | D:4      | Upgraded the game from 0.27-a0-633-gc6addc0a40 to
                  | 0.27-a0-637-g3a9f0a9c12
  3816 | D:4      | Found a sparkling altar of Nemelex Xobeh.
  4018 | D:4      | Reached skill level 10 in Polearms
  4395 | D:4      | Found a bloodstained altar of Trog.
  4478 | D:4      | Found Kocvaf's Weapon Emporium.
  4655 | D:4      | Killed Crazy Yiuf
  4747 | D:5      | Entered Level 5 of the Dungeon
  4780 | D:5      | Reached skill level 2 in Staves
  4826 | D:5      | Identified the +1 ring mail of Qoniumna {Regen+ rCorr Str+4
                  | SInv}
  4896 | D:5      | Noticed Duvessa
  4896 | D:5      | Noticed Dowan
  5093 | D:5      | Found a basalt altar of Yredelemnul.
  5151 | D:5      | Reached skill level 3 in Staves
  5251 | D:5      | Noticed Prince Ribbit
  5275 | D:5      | Killed Prince Ribbit
  5276 | D:5      | Reached skill level 4 in Staves
  5291 | D:5      | Reached skill level 5 in Staves
  5291 | D:5      | Reached XP level 9. HP: 42/75 MP: 9/9
  5535 | D:5      | Noticed Sigmund
  5542 | D:5      | Killed Sigmund
  5793 | D:5      | Killed Duvessa
  5794 | D:5      | Reached skill level 6 in Staves
  5798 | D:5      | Killed Dowan
  5855 | D:4      | Killed Menkaure
  5942 | D:6      | Reached skill level 7 in Staves
  5982 | D:6      | Found a hazy altar of Hepliaklqana.
  6569 | D:6      | Found a glowing silver altar of Zin.
  6583 | D:6      | Reached skill level 8 in Staves
  6865 | D:6      | Noticed Eustachio
  6880 | D:6      | Killed Eustachio
  7087 | D:7      | Found a staircase to the Ecumenical Temple.
  7186 | D:7      | Reached skill level 9 in Staves
  7218 | Temple   | Entered the Ecumenical Temple
  7445 | Temple   | Became a worshipper of Uskayaw the Reveller
  7445 | Temple   | Reached * piety under Uskayaw
  7517 | D:7      | Found a sacrificial altar of Ru.
  7602 | D:7      | Found an iron altar of Okawaru.
  7603 | D:7      | Found a shimmering altar of Xom.
  7604 | D:7      | Found a glowing golden altar of the Shining One.
  8048 | D:7      | Found a blossoming altar of Fedhas.
  8173 | D:8      | Reached ** piety under Uskayaw
  8174 | D:8      | Reached XP level 10. HP: 75/84 MP: 10/10
  8258 | D:8      | Found Hinnaf's Jewellery Shop.
  8404 | D:8      | Reached *** piety under Uskayaw
  8457 | D:8      | Found a snail-covered altar of Cheibriados.
  8614 | D:8      | Found Omoilauw's Hydra Hut.
  8616 | D:8      | Noticed a seven-headed hydra
  8813 | D:8      | Reached skill level 10 in Staves
  9409 | D:4      | Bought a +2 lajatang of speed for 570 gold pieces
  9667 | D:9      | Noticed Joseph
  9674 | D:10     | Entered Level 10 of the Dungeon
 10018 | D:9      | Killed Joseph
 10036 | D:9      | Reached skill level 11 in Staves
 10037 | D:9      | Reached **** piety under Uskayaw
 10039 | D:9      | Reached ***** piety under Uskayaw
 10522 | D:10     | Noticed a two-headed ogre
 10533 | D:10     | Killed a two-headed ogre
 10534 | D:10     | Reached skill level 12 in Staves
 10849 | D:10     | Reached XP level 11. HP: 90/90 MP: 11/11
 11167 | D:10     | Reached skill level 1 in Invocations
 11220 | D:11     | Reached skill level 1 in Evocations
 11228 | D:11     | Reached skill level 1 in Armour
 11608 | D:11     | Reached skill level 3 in Dodging
 11608 | D:11     | Reached skill level 2 in Invocations
 11721 | D:11     | Reached skill level 2 in Evocations
 11801 | D:11     | Noticed a red ugly thing
 11818 | D:11     | Killed a red ugly thing
 12056 | D:11     | Noticed a two-headed ogre
 12057 | D:11     | Noticed a two-headed ogre
 12073 | D:11     | Killed a two-headed ogre
 12074 | D:11     | Reached skill level 4 in Fighting
 12074 | D:11     | Reached skill level 2 in Armour
 12229 | D:11     | Killed a two-headed ogre
 12230 | D:11     | Reached skill level 3 in Invocations
 12833 | D:10     | Reached skill level 3 in Evocations
 12873 | D:9      | Found a staircase to the Lair.
 13262 | D:9      | Found a staircase to the Orcish Mines.
 13321 | D:9      | Found Isahuk's General Store.
 13401 | D:8      | Bought a +0 hand axe of flaming for 111 gold pieces
 13655 | D:12     | Noticed a white ugly thing
 13669 | D:12     | Killed a white ugly thing
 13936 | D:12     | Reached skill level 4 in Dodging
 13941 | D:12     | Reached skill level 4 in Invocations
 13994 | D:12     | Reached skill level 3 in Armour
 14204 | D:12     | Reached skill level 5 in Fighting
 14246 | D:12     | Noticed a cyclops
 14250 | D:12     | Killed a cyclops
 14406 | D:12     | Found Muxtaaz's Antique Weapon Boutique.
 14414 | D:12     | Reached skill level 4 in Evocations
 14433 | D:12     | Reached XP level 12. HP: 76/103 MP: 15/15
 14908 | D:12     | Found a burning altar of Makhleb.
 14924 | D:12     | Found a glowing golden altar of the Shining One.
 15055 | Lair:1   | Entered Level 1 of the Lair of Beasts
 15225 | D:4      | Bought an amulet of guardian spirit for 360 gold pieces
 15635 | D:9      | Found an opulent altar of Gozag.
 15773 | Lair:1   | Identified the +6 scale mail "Ekesk" {rC+ rCorr}
 15858 | Lair:1   | Found a runed translucent gate.
 15859 | Lair:1   | Found a runed translucent gate.
 15860 | Lair:1   | Found a runed translucent gate.
 16098 | Lair:1   | Noticed Maggie
 16110 | Lair:1   | Killed Maggie
 16200 | Lair:1   | Reached skill level 5 in Invocations
 16238 | Lair:1   | Noticed Grognak's ghost (novice HOFi)
 16565 | Lair:2   | Noticed a five-headed hydra
 16581 | Lair:2   | Killed a one-headed hydra
 16823 | Lair:2   | Reached skill level 4 in Armour
 16833 | Lair:2   | Reached skill level 5 in Dodging
 16833 | Lair:2   | Reached skill level 5 in Evocations
 16850 | Lair:2   | Reached skill level 6 in Fighting
 17157 | Lair:2   | Found a staircase to the Swamp.
 17177 | Lair:2   | HP: 3/105 [bog body/bolt of cold (15)]
 17177 | Lair:2   | Mangled by a bog body

Illustrated notes

Levels and vault maps discovered:
D:1:      wander_arrival_desolate, layout_loops_ring
D:2:      layout_loops_cross
D:3:      layout_loops_ring, gammafunk_ghost_grave,
          chequers_ecumenical_altar_simple_redux
D:4:      minmay_razor_zed, layout_basic, nemelex_xobeh_ov_fountains_minmay,
          bloody_makhleb, old_standard_altar, serial_shops,
          nicolae_shop_waterfront, nicolae_shop_trees, nicolae_shop_stone,
          nicolae_shop_overgrown_old_shop, shop, grunt_gozag_statues,
          uniq_menkaure, uniq_crazy_yiuf_cottage, uniq_grinder, uniq_pikel
D:5:      layout_layer_cave, lemuel_crystal_altar, uniq_prince_ribbit1,
          uniq_duvessa, uniq_sigmund
D:6:      layout_basic, old_standard_altar, lemuel_doored_altar,
          kennysheep_small_square, uniq_eustachio
D:7:      layout_basic, general_overflow_altar, nicolae_ru_sacrificial_ziggurat,
          chequers_temple_overflow_statue_of_worship,
          minmay_temple_entry_statues
D:8:      minmay_goldmine, layout_loops_corners, old_standard_altar,
          serial_shops, shop, doesnt_shop_hydraphobe
D:9:      layout_loops_ring, kennysheep_mini, erik_lair_island, orc_0_dummy,
          serial_shops, kennysheep_little_box, uniq_joseph
D:10:     layout_loops_ring, minmay_liquid_box, david_defended_altar_orc
D:11:     layout_irregular_city
D:12:     layout_loops_corners, serial_shops,
          nicolae_shop_competitors_out_of_business, nzn_life_drinkers
Temple:   jpeg_temple_island
Lair:1:   layout_small_grid, gammafunk_ghost_necromancy, uniq_maggie
Lair:2:   layout_concentric_octagons, skrybe_swamp_entry_bodies,
          wad_woods_road_01

Skill      XL: |  1  2  3  4  5  6  7  8  9 10 11 12 |
---------------+-------------------------------------+-----
Polearms       | 4 5 7 9 10 | 10.4
Staves         | 5 9 12 | 12.6
Invocations    | 4 5 |  5.5
Evocations     | 4 5 |  5.1
Armour         | 3 4 |  4.1
Dodging        | 4 5 |  5.0
Fighting       | 5 6 |  6.0
Stealth        | |  3.0

Action                   |  1- 3 |  4- 6 |  7- 9 | 10-12 || total
-------------------------+-------+-------+-------+-------++-------
Melee: Spear             |    92 |   124 |   123 |       ||   339
       Quarterstaff      |       |       |   243 |    91 ||   334
       Lajatang          |       |       |       |   457 ||   457
       Hand axe          |       |       |       |    11 ||    11
Throw: Dart              |       |       |       |     5 ||     5
Invok: Stomp             |       |       |       |     1 ||     1
 Abil: Spit Poison       |    12 |    21 |    13 |     5 ||    51
Evoke: Wand              |       |       |       |     4 ||     4
  Use: Scroll            |       |     7 |     6 |    13 ||    26
       Potion            |       |     1 |       |     1 ||     2
 Stab: Sleeping          |    11 |     1 |     1 |     2 ||    15
       Distracted        |       |     1 |     1 |       ||     2
       Confused          |       |       |     2 |       ||     2
       Petrified         |       |       |       |     6 ||     6
       Paralysed         |       |       |       |    21 ||    21
       Petrifying        |       |       |       |     1 ||     1
Armor: Robe              |    17 |    24 |       |       ||    41
       Skin              |       |    10 |       |       ||    10
       Chain mail        |       |    11 |    43 |       ||    54
       Ring mail         |       |       |    97 |     6 ||   103
       Scale mail        |       |       |       |    50 ||    50
       Leather armour    |       |       |       |    66 ||    66
Dodge: Dodged            |    26 |    20 |    79 |   151 ||   276

Table legend: (Time is in decaauts)
 A = Elapsed time spent in this place.
 B = Non-inter-level travel time spent in this place.
 C = Inter-level travel time spent in this place.
 D = Time resting spent in this place.
 E = Time spent auto-exploring this place.
 F = Levels seen in this place.
 G = Mean time per level.
                   A        B        C        D        E       F      G
               +--------+--------+--------+--------+--------+-----+--------+
         Total |  21413 |  19425 |   1988 |   1723 |  14433 |  15 | 1427.5 |
       Dungeon |  19146 |  17363 |   1783 |   1532 |  12838 |  12 | 1595.5 |
        Temple |    420 |    327 |     93 |      0 |    311 |   1 |  420.0 |
          Lair |   1846 |   1735 |    111 |    191 |   1283 |   2 |  923.0 |
               +--------+--------+--------+--------+--------+-----+--------+

Top non-repeatable levels by time:
     D:4: 2152 daAuts
    D:11: 1928 daAuts
    D:10: 1832 daAuts
     D:8: 1752 daAuts
    D:12: 1724 daAuts
     D:6: 1633 daAuts
     D:5: 1623 daAuts
  Lair:1: 1604 daAuts
     D:3: 1537 daAuts
     D:9: 1474 daAuts
     D:1: 1207 daAuts
     D:7: 1204 daAuts
     D:2: 1077 daAuts
  Temple: 420 daAuts
  Lair:2: 242 daAuts
